 Dungeon Crawl Stone Soup version 0.18-a0-1078-gebb93d0 (webtiles) character file.

927 nuthulu the Skirmisher (level 8, -1/54 HPs)
             Began as a Gargoyle Fighter on Jan 14, 2016.
             Was a Follower of Okawaru.
             Slain by an ogre
             ... wielding a +0 giant club
              (21 damage)
             ... on level 5 of the Dungeon.
             The game lasted 00:09:27 (4719 turns).

nuthulu the Skirmisher (Gargoyle Fighter)           Turns: 4719, Time: 00:09:27

Health: -1/54      AC: 13    Str: 19    XL:     8   Next: 10%
Magic:  8/8        EV:  7    Int: 10    God:    Okawaru [*.....]
Gold:   137        SH: 10    Dex: 11    Spells: 0 memorised, 7 levels left

rFire  . . .     SeeInvis .     a - +1 flail
rCold  . . .     Gourm    .     b - +0 scale mail
rNeg   + . .     Faith    .     c - +1 shield
rPois  ∞         Spirit   .     (no helmet)
rElec  +         Dismiss  .     o - +0 cloak
rCorr  .         Reflect  .     (no gloves)
SustAt .         Harm     .     (no boots)
MR     .....                    (no amulet)
Stlth  ..........               (no ring)
                                (no ring)

@: not resistant to hostile enchantments, extremely unstealthy
A: negative energy resistance 1, electricity resistance, unbreathing,
petrification resistance, rot immunity, AC +5
a: Heroism, Renounce Religion


You were on level 5 of the Dungeon.
You worshipped Okawaru.
Okawaru was aware of your devotion.
You were hungry.

You visited 1 branch of the dungeon, and saw 5 of its levels.

You collected 137 gold pieces.

Inventory:

Hand Weapons
 a - a +1 flail (weapon)
 d - a +0 morningstar
Armour
 b - a +0 scale mail (worn)
 c - a +1 shield (worn)
 o - a +0 cloak (worn)
Jewellery
 n - an uncursed amulet of magic regeneration
Scrolls
 k - 2 scrolls of amnesia
Potions
 e - a potion of mutation
 i - 2 potions of agility
 j - a potion of flight
 l - a potion of haste {unknown}
 p - a potion of cure mutation {unknown}
 r - a potion of curing {unknown}
 s - a potion of cancellation {unknown}
Books
 h - a book of Frost

   Spells                             Type                      Level
   a - Freeze                         Ice                          1
   b - Throw Frost                    Conjuration/Ice              2
   c - Ozocubu's Armour               Charms/Ice                   3
   d - Throw Icicle                   Conjuration/Ice              4
   e - Summon Ice Beast               Ice/Summoning                4
   f - Condensation Shield            Ice                          4
Comestibles
 f - 3 bread rations
 g - 2 meat rations
 m - 2 royal jellies
 q - 11 fruits
 t - 4 chunks of flesh


   Skills:
 + Level 7.7 Fighting
 + Level 6.6 Maces & Flails
 - Level 3.2 Armour
 - Level 3.2 Shields


You had 7 spell levels left.
You didn't know any spells.

Dungeon Overview and Level Annotations

Branches:
Dungeon (5/15)
 Temple: D:4-7

Altars:
Elyvilon
Nemelex Xobeh
Okawaru
Qazlal
Yredelemnul
Zin


Innate Abilities, Weirdness & Mutations

You are resistant to torment.
Your stone body is resilient (AC +5).
You are immune to poison.
You resist negative energy.
You are resistant to electric shocks.
You can survive without breathing.
You are immune to petrification.
You are immune to rotting.


Message History

You sock the ogre!
The ogre is severely wounded.
The ogre hits you with a giant club!!
An orc wizard comes into view. It is wielding a dagger.
You barely miss the ogre.
The ogre is severely wounded.
The ogre hits you but does no damage.
You barely miss the ogre.
The ogre is severely wounded.
The ogre closely misses you.
You hit the ogre but do no damage.
The ogre is severely wounded.
An orc comes into view. It is wielding a mace.
Your shield and scale mail prevent you from hitting the ogre.
The ogre is severely wounded.
You block the ogre's attack.
You sock the ogre!
The ogre is almost dead.
The ogre hits you with a giant club!!
You die...

#..............
..#.###.(<.......
................
#...##......#...
#...##......#...
#...............
#..##..........
####..............
......O@..........
......o........###
......#........#
.....o.........#
...............#
.............[.#
...o............
...............


You could see an ogre, an orc wizard and 2 orcs.

Vanquished Creatures
  A phantom (D:4)
  An ogre (D:4)
  4 scorpions (D:4)
  2 hounds (D:4)
  6 orc priests
  A giant frog skeleton (D:4)
  An orc wizard (D:4)
  Ijyb (D:3)
  A worker ant (D:3)
  4 gnolls (D:3)
  7 adders
  2 worms
  6 giant geckos
  14 orcs
  5 giant cockroaches
  10 goblins
  6 hobgoblins
  6 jackals
  11 kobolds
  9 bats
  A giant gecko zombie (D:5)
  9 giant newts
  5 rats
113 creatures vanquished.

Notes
Turn   | Place    | Note
--------------------------------------------------------------
     0 | D:1      | nuthulu the Gargoyle Fighter began the quest for the Orb.
     0 | D:1      | Reached XP level 1. HP: 14/14 MP: 1/1
   293 | D:1      | Reached XP level 2. HP: 19/19 MP: 2/2
   954 | D:2      | Reached XP level 3. HP: 24/24 MP: 3/3
   965 | D:2      | Reached skill level 4 in Fighting
  1149 | D:2      | Reached XP level 4. HP: 29/29 MP: 4/4
  1223 | D:2      | Found an iron altar of Okawaru.
  1232 | D:2      | Became a worshipper of Warmaster Okawaru
  2039 | D:3      | Reached XP level 5. HP: 34/34 MP: 5/5
  2047 | D:3      | Reached skill level 5 in Fighting
  2516 | D:3      | Noticed Ijyb
  2530 | D:3      | Killed Ijyb
  2870 | D:3      | Reached XP level 6. HP: 40/40 MP: 6/6
  3307 | D:4      | Found a sparkling altar of Nemelex Xobeh.
  3307 | D:4      | Noticed a phantom
  3410 | D:4      | Killed a phantom
  3410 | D:4      | Reached skill level 6 in Fighting
  3410 | D:4      | Reached skill level 5 in Maces & Flails
  3650 | D:4      | Reached * piety under Okawaru
  3650 | D:4      | Reached XP level 7. HP: 46/46 MP: 7/7
  3969 | D:4      | Reached skill level 7 in Fighting
  4291 | D:4      | Found a stormy altar of Qazlal.
  4293 | D:4      | Noticed a water elemental
  4294 | D:4      | Noticed an air elemental
  4294 | D:4      | Noticed a fire elemental
  4342 | D:4      | Found a white marble altar of Elyvilon.
  4342 | D:4      | Found a basalt altar of Yredelemnul.
  4346 | D:4      | Reached XP level 8. HP: 47/53 MP: 8/8
  4351 | D:4      | Found a glowing silver altar of Zin.
  4687 | D:5      | Entered Level 5 of the Dungeon
  4719 | D:5      | Slain by an ogre

Vault maps used:
D:1:      minmay_arrival_loop
D:2:      first_bread, kennysheep_okawaru_gauntlet
D:3:      uniq_iyjb
D:4:      overflow_temple_1_default, grunt_temple_overflow_open,
          nicolae_qazlal_style_of_elements
D:5:      kennysheep_mini, overflow_temple_1_default, lemuel_blue_sif_altar,
          uniq_eustachio

Action                   |  1- 3 |  4- 6 |  7- 9 || total
-------------------------+-------+-------+-------++-------
Melee: Flail             |   122 |   263 |   144 ||   529
Invok: Heroism           |       |       |     2 ||     2
  Use: Scroll            |     5 |     7 |     3 ||    15
       Potion            |       |     1 |       ||     1
  Eat: Chunk             |     1 |     2 |     1 ||     4
       Bread ration      |       |     2 |       ||     2
